 Dungeon Crawl Stone Soup version 0.20.1-1-g8b1a95d (console) character file.

8222 Kloppie the Impaler (level 11, -7/87 HPs)
             Began as a Merfolk Gladiator on July 23, 2017.
             Was a High Priest of Okawaru.
             Mangled by a yak (10 damage)
             ... on level 10 of the Dungeon.
             The game lasted 00:15:26 (9902 turns).

Kloppie the Impaler (Merfolk Gladiator)             Turns: 9902, Time: 00:15:27

Health: -7/87      AC: 11    Str: 15    XL:     11   Next: 27%
Magic:  14/15      EV: 19    Int:  9    God:    Okawaru [*****.]
Gold:   779        SH:  0    Dex: 17    Spells: 10/10 levels left

rFire    . . .     SeeInvis +   a - +0 glaive
rCold    . . .     Gourm    +   (shield currently unavailable)
rNeg     + . .     Faith    .   k - +0 scale mail
rPois    .         Spirit   .   c - +0 helmet
rElec    .         Reflect  .   J - -1 cloak (curse)
rCorr    .         Harm     .   s - +1 pair of gloves
MR       .....                  (no boots)
Stlth    ++........             o - amulet of the gourmand
Regen    0.3/turn               y - ring of see invisible
MPRegen  0.2/turn               r - ring of positive energy

@: heroism
A: change form in water, swift swim, stealthy swim
a: Heroism, Finesse, Renounce Religion


You were on level 10 of the Dungeon.
You worshipped Okawaru.
Okawaru was extremely pleased with you.
You were completely stuffed.

You visited 2 branches of the dungeon, and saw 11 of its levels.
You also visited: Sewer and Ossuary.

You collected 779 gold pieces.

Inventory:

Hand Weapons
 a - a +0 glaive (weapon)
 b - a +5 trident
 g - a +1 trident
Missiles
 u - 4 javelins
 K - 2 throwing nets (quivered)
Armour
 c - a +0 helmet (worn)
 k - a +0 scale mail (worn)
 s - a +1 pair of gloves (worn)
 J - a cursed -1 cloak (worn)
Jewellery
 o - an amulet of the gourmand (around neck)
 p - a +3 ring of strength
 r - a ring of positive energy (right hand)
 t - an uncursed ring of flight
 y - a ring of see invisible (left hand)
Wands
 d - a wand of paralysis (6/24)
 B - a wand of disintegration (24/24)
 P - a wand of lightning (4/15)
Scrolls
 e - 8 scrolls of teleportation
 n - 2 scrolls of immolation
 v - 3 scrolls of amnesia
 C - 3 scrolls of remove curse
 E - 4 scrolls of recharging
 N - a scroll of enchant weapon
Potions
 h - 2 potions of curing
 l - a potion of heal wounds {unknown}
 m - a potion of might {unknown}
 w - a potion of invisibility
 z - 2 potions of resistance
 A - 2 potions of agility {unknown}
 D - a potion of degeneration {unknown}
 F - a potion of ambrosia {unknown}
 G - 3 potions of haste {unknown}
 H - 2 potions of cancellation {unknown}
 I - 3 potions of magic {unknown}
 M - 3 potions of brilliance {unknown}
 O - 4 potions of flight
Books
 x - a book of Air

   Spells                             Type                      Level
   a - Shock                          Conjuration/Air              1
   b - Swiftness                      Charms/Air                   2
   c - Static Discharge               Conjuration/Air              3
   d - Airstrike                      Air                          4
   e - Lightning Bolt                 Conjuration/Air              5
 R - a book of Changes

   Spells                             Type                      Level
   a - Beastly Appendage              Transmutation                1
   b - Sticks to Snakes               Transmutation                2
   c - Spider Form                    Transmutation/Poison         3
   d - Ice Form                       Ice/Transmutation            4
   e - Blade Hands                    Transmutation                5
Comestibles
 f - 12 bread rations
 i - 8 fruits
 j - 5 royal jellies
 q - 6 meat rations
 Q - 12 chunks of flesh


   Skills:
 + Level 8.5(13.5) Fighting
 + Level 16.5(21.5) Polearms
 - Level 2.0(7.0) Throwing
 - Level 11.1(16.1) Dodging
 - Level 5.6 Invocations


You had 10 spell levels left.
You didn't know any spells.

Dungeon Overview and Level Annotations

Branches:
Dungeon (10/15)            Temple (1/1) D:4            Lair (0/6) D:8
    Orc: D:9-12

Altars:
Ashenzari
Cheibriados
Dithmenos
Elyvilon
Fedhas
Gozag
Hepliaklqana
Kikubaaqudgha
Makhleb
Nemelex Xobeh
Okawaru
Qazlal
Ru
Sif Muna
Trog
Uskayaw
Vehumet
Xom
Yredelemnul
Zin
The Shining One

Shops:
D:8 }

Annotations:
D:4 exclusion: statue


Message History

You kill the yak!
Okawaru accepts your kill.
You hit the yak but do no damage. The yak gores you.
* * * LOW HITPOINT WARNING * * *
The yak completely misses you.
You slash the yak!
The yak is moderately wounded.
The yak closely misses you. The yak gores you.
* * * LOW HITPOINT WARNING * * *
You slash the yak!
The yak is heavily wounded.
You feel better. The yak gores you!
* * * LOW HITPOINT WARNING * * *
The yak gores you!
* * * LOW HITPOINT WARNING * * *
You slash the yak!
The yak is almost dead.
The yak closely misses you. The yak gores you but does no damage.
The yak gores you!
You die...

...÷..........#
####..........#
#..........# #
#..........#
########.######
...........#########
...[...#.#.........#
....#....#>.......<#
....#.........YY@..#
....#...#..(.......#
....#...#..........#
###.#......#########
#...##.###
#...##..†#
#...####....... ....
###.... # #.. ...


You could see 2 yaks.

Vanquished Creatures
  The ghost of dion0 the Blocker, a journeyman GrFi of Okawaru (D:10)
  A two-headed ogre (D:9)
  The ghost of Kloppie the Spear-Bearer, a novice MfGl of Okawaru (D:5)
  Maurice (D:8)
  2 hornets
  8 yaks
  A hungry ghost (D:9)
  A water moccasin (D:7)
  2 hell hounds (D:8)
  A sky beast (D:10)
  2 ice beasts
  3 orc warriors
  2 black bears
  An ogre (D:9)
  2 phantoms
  2 necrophages
  4 centaurs
  A big kobold (D:7)
  2 bullfrogs
  2 water moccasin skeletons
  2 scorpions
  10 killer bees
  10 wights
  2 howler monkeys (D:10)
  5 crimson imps
  A quasit (D:10)
  2 jellies
  5 orc priests
  8 orc wizards
  A hound (D:10)
  A bullfrog skeleton (D:8)
  A centaur skeleton (D:6)
  3 iguanas
  2 merfolk sirens (Sewer)
  7 worker ants
  A merfolk avatar (Sewer)
  8 mummies (Ossuary)
  14 adders
  3 river rats
  2 shadow imps
  2 oozes
  An adder zombie (D:7)
  An adder skeleton (D:5)
  5 worms
  4 dart slugs
  8 leopard geckos
  31 orcs
  6 giant cockroaches
  2 gnoll zombies (Ossuary)
  6 hobgoblins
  17 jackals
  13 kobolds
  3 quokkas
  4 ball pythons
  8 bats
  10 frilled lizards
  7 goblins
  2 hobgoblin zombies (Ossuary)
  2 kobold zombies (Ossuary)
  2 orc zombies (Ossuary)
  A quokka skeleton (D:9)
  32 rats
295 creatures vanquished.

Notes
Turn   | Place    | Note
-------+----------+-------------------------------------------
     0 | D:1      | Kloppie the Merfolk Gladiator began the quest for the Orb.
     0 | D:1      | Reached XP level 1. HP: 16/16 MP: 1/1
    21 | D:1      | Reached XP level 2. HP: 23/23 MP: 2/2
    24 | D:1      | Noticed an ogre
   116 | D:1      | Reached skill level 5 in Polearms
   316 | D:1      | Reached XP level 3. HP: 29/29 MP: 3/3
   918 | D:2      | Reached XP level 4. HP: 37/37 MP: 4/4
  1155 | D:2      | Reached skill level 6 in Polearms
  1543 | D:2      | Reached XP level 5. HP: 38/42 MP: 5/5
  1787 | D:3      | Found a glowing drain.
  1827 | Sewer    | Entered a sewer
  1959 | Sewer    | Reached skill level 7 in Polearms
  2201 | Sewer    | Reached XP level 6. HP: 40/49 MP: 6/6
  2227 | Sewer    | Reached skill level 5 in Dodging
  3125 | D:4      | Found a radiant altar of Vehumet.
  3136 | D:4      | Reached skill level 8 in Polearms
  3341 | D:4      | Found a staircase to the Ecumenical Temple.
  3350 | Temple   | Entered the Ecumenical Temple
  3473 | Temple   | Became a worshipper of Warmaster Okawaru
  3534 | D:4      | Reached XP level 7. HP: 55/55 MP: 7/7
  3849 | D:5      | Entered Level 5 of the Dungeon
  3899 | D:5      | Noticed a yak
  3908 | D:5      | Killed a yak
  3908 | D:5      | Reached skill level 5 in Fighting
  3908 | D:5      | Reached skill level 9 in Polearms
  3912 | D:5      | Noticed a yak
  3913 | D:5      | Noticed a yak
  3913 | D:5      | Noticed a yak
  3914 | D:5      | Noticed a yak
  3928 | D:5      | Noticed a yak
  3976 | D:4      | Killed a yak
  3976 | D:4      | Reached * piety under Okawaru
  3983 | D:4      | Killed a yak
  3983 | D:4      | Reached skill level 10 in Polearms
  3983 | D:4      | Reached XP level 8. HP: 34/64 MP: 8/8
  3998 | D:5      | Killed a yak
  3998 | D:5      | Reached ** piety under Okawaru
  4307 | D:5      | Killed a yak
  4317 | D:5      | Killed a yak
  4317 | D:5      | Reached skill level 11 in Polearms
  4599 | D:5      | Got a faintly humming robe
  4633 | D:5      | Noticed Kloppie's ghost (novice MfGl)
  4647 | D:5      | Killed Kloppie's ghost
  4647 | D:5      | Reached skill level 12 in Polearms
  4647 | D:5      | Reached XP level 9. HP: 44/72 MP: 9/9
  5923 | D:7      | Reached *** piety under Okawaru
  6286 | D:7      | Reached skill level 13 in Polearms
  6566 | D:8      | Identified the cursed +0 robe of the Apprentice {*Slow rN+ rCorr} (You found it on level 5 of the Dungeon)
  6627 | D:8      | Found a staircase to the Lair.
  6784 | D:8      | Reached skill level 10 in Dodging
  6790 | D:8      | Found Koahuir's Gadget Shoppe.
  6816 | D:8      | Found a sand-covered staircase.
  6832 | D:8      | Reached **** piety under Okawaru
  6842 | Ossuary  | Entered an ossuary
  6928 | Ossuary  | Reached XP level 10. HP: 78/79 MP: 10/10
  7090 | D:8      | Noticed Maurice
  7107 | D:8      | Killed Maurice
  7107 | D:8      | Reached skill level 14 in Polearms
  7372 | D:8      | Found a glowing golden altar of the Shining One.
  7372 | D:8      | Found a bloodstained altar of Trog.
  7676 | D:9      | Noticed a two-headed ogre
  7710 | D:9      | Reached skill level 1 in Invocations
  7719 | D:9      | Killed a two-headed ogre
  7826 | D:9      | Reached ***** piety under Okawaru
  7826 | D:9      | Reached skill level 15 in Polearms
  8801 | D:9      | Reached skill level 5 in Invocations
  8993 | D:9      | Received a gift from Okawaru
  9042 | D:10     | Entered Level 10 of the Dungeon
  9394 | D:10     | Reached XP level 11. HP: 58/84 MP: 15/15
  9450 | D:10     | Noticed dion0's ghost (journeyman GrFi)
  9485 | D:10     | Killed dion0's ghost
  9485 | D:10     | Reached skill level 16 in Polearms
  9718 | D:10     | Received a gift from Okawaru
  9893 | D:10     | HP: 1/87 [yak (12)]
  9902 | D:10     | Mangled by a yak

Skill      XL: |  1  2  3  4  5  6  7  8  9 10 11 |
---------------+----------------------------------+-----
Polearms       | 5 6 7 8 10 12 13 15 16 | 16.5
Fighting       | 3 4 5 7 8 |  8.5
Dodging        | 6 8 10 11 | 11.1
Invocations    | 5 |  5.6
Throwing       | |  2.0

Action                   |  1- 3 |  4- 6 |  7- 9 | 10-12 || total
-------------------------+-------+-------+-------+-------++-------
Melee: Trident           |   102 |   316 |   298 |   337 ||  1053
       Tailslap          |       |     6 |       |       ||     6
       Glaive            |       |       |       |    63 ||    63
Throw: Throwing net      |       |       |     2 |     2 ||     4
Invok: Heroism           |       |       |       |     1 ||     1
  Use: Scroll            |       |     2 |    12 |     2 ||    16
       Potion            |       |       |     1 |     2 ||     3
 Stab: Sleeping          |     1 |     1 |       |       ||     2
       Held in net/web   |       |       |     2 |     3 ||     5
  Eat: Chunk             |       |    23 |    10 |    17 ||    50
Armor: Leather armour    |     7 |       |       |       ||     7
       Scale mail        |    28 |    84 |    40 |    79 ||   231
       Skin              |       |       |       |    13 ||    13
Dodge: Dodged            |    47 |   135 |    83 |   190 ||   455
